 Dungeon Crawl Stone Soup version 0.24.0-13-gcf9b319 (webtiles) character file.

Game seed: 14099026679095764190, levelgen mode: deterministic

981 Bob6969 the Covered (level 8, -6/48 HPs)
             Began as a Gargoyle Fighter on Mar 19, 2020.
             Was an Initiate of Gozag.
             Splashed by Ijyb's acid (16 damage)
             ... on level 5 of the Dungeon.
             The game lasted 00:43:16 (4291 turns).

Bob6969 the Covered (Gargoyle Fighter)              Turns: 4291, Time: 00:43:20

Health: -6/48      AC:  6    Str: 24    XL:     8   Next: 17%
Magic:  0/8        EV:  5    Int:  8    God:    Gozag
Gold:   379        SH: 10    Dex:  9    Spells: 6/7 levels left

rFire    + . .     SeeInvis .   G - +8 war axe of Dishonour {flame, +Fly rF+ rN+ Str-2}
rCold    . . .     Gourm    .   c - +0 shield
rNeg     + + .     Faith    .   M - +0 plate armour
rPois    ∞         Spirit   +   (no helmet)
rElec    +         Reflect  .   a - scarf {Spirit}
rCorr    .         Harm     .   (no gloves)
MR       .....                  (no boots)
Stlth    ..........             j - amulet of the acrobat
HPRegen  0.16/turn              C - +3 ring of strength
MPRegen  0.11/turn              (no ring)

@: corroded
A: negative energy resistance 1, electricity resistance, unbreathing,
petrification resistance, rot immunity, AC +5
a: Potion Petition, Call Merchant, Bribe Branch, Renounce Religion, Evoke Flight


You were on level 5 of the Dungeon.
You worshipped Gozag.
Gozag was aware of your devotion.
You were not hungry.

You visited 1 branch of the dungeon, and saw 5 of its levels.
You also visited: Ossuary.

You collected 951 gold pieces.
You spent 546 gold pieces at shops.
You paid 26 gold pieces to Gozag.

Inventory:

Hand Weapons
 k - a +2 whip of electrocution
 G - the +8 war axe of Dishonour (weapon) {flame, +Fly rF+ rN+ Str-2}
   (You bought it in a shop on level 4 of the Dungeon)

   It has been specially enchanted to burn those struck by it, causing extra
   injury to most foes and up to half again as much damage against particularly
   susceptible opponents.
   Big, fiery blades are also staple armaments of hydra-hunters.
   It affects your strength (-2).
   It protects you from fire.
   It protects you from negative energy.
   It lets you fly.
 N - the +9 heavy crossbow "Sniper" {velocity, Acc+∞ SInv}
   (You found it on level 4 of the Dungeon)

   Any bolt fired from it inflicts extra damage.
   It lets you see invisible.
Missiles
 h - 22 sling bullets
 l - 31 arrows
 m - 84 stones (quivered)
 o - 7 boomerangs
 p - 24 bolts
 y - 18 poisoned darts
Armour
 a - a scarf of spirit shield (worn)
 b - a +0 scale mail
 c - a +0 shield (worn)
 q - a +0 robe
 H - a +0 chain mail
 M - a +0 plate armour (worn)
Jewellery
 j - an amulet of the acrobat (around neck)
 C - a +3 ring of strength (left hand)
Wands
 K - a wand of digging (5)
Scrolls
 e - 6 scrolls of teleportation
 g - a scroll of remove curse
 v - a scroll of identify
Potions
 d - a potion of might
 i - a potion of haste
 r - a potion of invisibility {unknown}
 u - a potion of lignification {unknown}
 x - a potion of mutation {unknown}
 A - 4 potions of curing
Comestibles
 f - 8 rations


   Skills:
 + Level 4.3 Fighting
 + Level 3.7(4.3) Axes
 + Level 3.7(4.6) Maces & Flails
 + Level 3.3 Throwing
 + Level 5.4 Armour
 + Level 0.8 Dodging
 + Level 1.8 Stealth
 + Level 4.7 Shields


You had 6 spell levels left.
You knew the following spells:

 Your Spells              Type           Power        Failure   Level  Hunger
a - Corona                Hex            #......      100%        1    ##.....

Your spell library contained the following spells:

 Spells                   Type           Power        Failure   Level  Hunger
 Slow                     Hex            #.......     100%        2    ###....
 Inner Flame              Hex/Fire       #.......     100%        3    ####...
 Portal Projectile        Hex/Tloc       #.....       100%        3    ####...
 Cause Fear               Hex            #.........   100%        4    #####..
 Leda's Liquefaction      Hex/Erth       #.........   100%        4    #####..


Dungeon Overview and Level Annotations

Branches:
Dungeon (5/15)            Ossuary (visited)
 Temple: D:4-7

Altars:
Gozag
Hepliaklqana
Sif Muna
Yredelemnul
The Shining One

Shops:
D:4 ?([

Annotations:
D:5 Ijyb


Innate Abilities, Weirdness & Mutations

You are resistant to torment.
Your stone body is resilient. (AC +5)
You are immune to poison.
You resist negative energy. (rN+)
You are resistant to electric shocks. (rElec)
You can survive without breathing.
You are immune to petrification.
You are immune to rotting.


Message History

Aim: Ijyb, wielding a +0 dagger, wearing a +0 chain mail and carrying a wand of acid (7)
You throw a stone. The stone barely misses Ijyb.
Throwing (i - inventory. (/) - cycle)
m - 85 stones (quivered)
Press: ? - help, Shift-Dir - straight line, f/p - Ijyb
Aim: Ijyb, wielding a +0 dagger, wearing a +0 chain mail and carrying a wand of acid (7)
You throw a stone. The stone hits Ijyb but does no damage.
Ijyb zaps a wand.
The bolt of acid hits you! The acid corrodes you!
You are splashed with acid!
Ijyb screams, "Me very upset!"
Found 21 gold pieces.
You see here a scroll labeled NYUMEIPTEGI.
You closely miss Ijyb.
Ijyb zaps a wand.
The bolt of acid hits you but does no damage.
The acid corrodes you!
You are splashed with acid!
You hit Ijyb. You burn Ijyb.
Ijyb is moderately wounded.
Ijyb zaps a wand.
The bolt of acid hits you!
* * * LOW HITPOINT WARNING * * *
The acid corrodes you!
You are splashed with acid!!
You die...
Your body crumbles into a pile of gold.

.........# #$.
.........###...
....(..........[. #..
..........$...... ...
.........#.##... #..
........[..#.... #.
.......g.(#..### ### .
...>...@........ ...#
............### #..#
.......)...##########..#
.......##...........#..#
.............##.........
............<...........
.........##.#########...
......### #.............
###.. ###.##.....##.


You could see Ijyb.

Vanquished Creatures
  Duvessa (D:4)
  A sky beast (D:4)
  2 ogres (D:4)
  A centaur (D:4)
  A scorpion (D:5)
  Dowan (D:4)
  A howler monkey (D:4)
  An orc priest (D:4)
  2 hounds
  2 worker ants (D:4)
  A big kobold zombie (Ossuary)
  8 mummies (Ossuary)
  5 adders
  A howler monkey skeleton (D:4)
  An adder skeleton (D:3)
  An adder zombie (D:4)
  A worm (D:2)
  3 dart slugs
  2 leopard geckos (D:4)
  6 orcs
  6 giant cockroaches
  9 hobgoblins
  10 jackals
  3 kobolds
  A quokka (D:4)
  10 bats
  4 frilled lizards
  2 gnoll zombies (Ossuary)
  3 goblins
  2 kobold zombies (Ossuary)
  3 orc zombies (Ossuary)
  11 rats
106 creatures vanquished.

Notes
Turn   | Place    | Note
-------+----------+-------------------------------------------
     0 | D:1      | Bob6969 the Gargoyle Fighter began the quest for the Orb.
     0 | D:1      | Reached XP level 1. HP: 14/14 MP: 1/1
   154 | D:1      | Reached XP level 2. HP: 19/19 MP: 2/2
   631 | D:1      | Reached XP level 3. HP: 23/23 MP: 3/3
   982 | D:2      | Found a shimmering blue altar of Sif Muna.
  1095 | D:2      | Found an opulent altar of Gozag.
  1107 | D:2      | Became a worshipper of Gozag Ym Sagoz the Greedy
  2136 | D:3      | Reached XP level 4. HP: 26/28 MP: 4/4
  2137 | D:3      | Reached skill level 1 in Throwing
  2138 | D:3      | Found a faded altar of an unknown god.
  2621 | D:4      | Found Doxee's Antique Weapon Emporium.
  2639 | D:4      | Reached skill level 1 in Stealth
  2644 | D:4      | Reached XP level 5. HP: 31/32 MP: 5/5
  2669 | D:4      | Found Ogu Uka's Magic Scroll Shop.
  2754 | D:4      | Bought a translucent war axe for 212 gold pieces
  2754 | D:4      | Identified the +8 war axe of Dishonour {flame, +Fly rF+ rN+
                  | Str-2} (You bought it in a shop on level 4 of the Dungeon)
  2837 | D:4      | Found Sashah's Antique Armour Shoppe.
  2864 | D:4      | Bought a chain mail for 90 gold pieces
  2987 | D:4      | Found a sand-covered staircase.
  2989 | D:4      | Noticed Duvessa
  2989 | D:4      | Noticed Dowan
  2999 | D:4      | Killed Dowan
  2999 | D:4      | Reached XP level 6. HP: 24/38 MP: 6/6
  3020 | D:4      | Killed Duvessa
  3020 | D:4      | Reached skill level 1 in Axes
  3020 | D:4      | Reached skill level 4 in Armour
  3077 | D:4      | Found a transporter.
  3105 | Ossuary  | Entered an ossuary
  3321 | Ossuary  | Reached XP level 7. HP: 43/43 MP: 7/7
  3536 | D:4      | Found a transporter.
  3540 | D:4      | Found a glowing golden altar of the Shining One.
  3541 | D:4      | Found the +9 heavy crossbow "Sniper" {velocity, Acc+∞ SInv}
  3604 | D:4      | Learned a level 1 spell: Corona
  3694 | D:4      | Found a basalt altar of Yredelemnul.
  3929 | D:4      | Bought a glowing scarf for 160 gold pieces
  4074 | D:4      | Bought a scroll of remove curse for 42 gold pieces
  4074 | D:4      | Bought a scroll of remove curse for 42 gold pieces
  4086 | D:5      | Entered Level 5 of the Dungeon
  4131 | D:4      | Reached XP level 8. HP: 34/48 MP: 6/8
  4224 | D:4      | Reached skill level 5 in Armour
  4271 | D:5      | Found a hazy altar of Hepliaklqana.
  4285 | D:5      | Noticed Ijyb
  4291 | D:5      | Splashed by Ijyb's acid

Levels and vault maps discovered:
D:1:      nicolae_arrival_memento_mori, layout_rooms, serial_aquarium,
          aquarium_bridge_island_small [aquarium_subvault_small_open,
          aquarium_subvault_balcony, aquarium_subvault_bridge,
          aquarium_subvault_wall, aquarium_subvault_wall], aquarium_window_1,
          aquarium_window_fake, aquarium_window_2, aquarium_view_2d
D:2:      layout_basic, led_sif_pool, grunt_gozag_statues
D:3:      layout_basic, first_ration, chequers_ecumenical_altar_simple,
          minmay_tree_intersection, st_stairs_6
D:4:      layout_loops_ring, gammafunk_temple_overflow_arena,
          yredelemnul_altar_generic, serial_shops, nicolae_shop_crystal, shop,
          nicolae_shop_trees, nicolae_ossuary_entry_ruins, uniq_duvessa
D:5:      layout_rooms, nicolae_overflow_crystal_walls, gammafunk_ghost_arena,
          minmay_manual_moon, uniq_ijyb

Skill      XL: |  1  2  3  4  5  6  7  8 |
---------------+-------------------------+-----
Throwing       | 1 2 3 |  3.3
Stealth        | 1 |  1.8
Maces & Flails | 3 |  3.7
Shields        | 4 |  4.7
Axes           | 2 3 |  3.7
Armour         | 4 5 |  5.4
Fighting       | 4 |  4.3
Dodging        | |  0.8

Action                   |  1- 3 |  4- 6 |  7- 9 || total
-------------------------+-------+-------+-------++-------
Melee: Flail             |    26 |       |       ||    26
       Whip              |    49 |    47 |       ||    96
       War axe           |       |    46 |    50 ||    96
Throw: Boomerang         |    57 |     8 |     8 ||    73
       Stone             |    16 |    50 |     3 ||    69
Invok: Potion Petition   |       |     1 |       ||     1
  Use: Scroll            |     1 |     4 |     7 ||    12
       Potion            |       |     2 |     3 ||     5
 Stab: Distracted        |       |     1 |       ||     1
       Sleeping          |       |     1 |       ||     1
  Eat: Ration            |     1 |     1 |     1 ||     3
       Chunk             |     1 |       |       ||     1
Armor: Scale mail        |    56 |    18 |       ||    74
       Chain mail        |       |    20 |    12 ||    32
       Plate armour      |       |       |    38 ||    38
Dodge: Dodged            |    24 |    25 |    10 ||    59
Block: Shield            |    39 |    35 |    25 ||    99
